Meike, lawful female human Valkyrie -------..* ## ## ### ##*##### ## # ### # |........##### -..-...--.............-@...--...# ####-..----- |........######................................#*####+......| |......<.#####*|.---...|..........-.........-..##### .......| |........#### ..|................|..+..|.@.d..######.......-# ------.|-# ####|.....................|..-..@d..# # #|......|# # ## # #..-.|.-.--|..*||-..-.-|.....ddd|### .-.-----# ###*### ##.......|..|...|.|..|.!|.....-dd|# ##### # # # ## #|.---..|..||---.|..|..|.-.@....d#*# # # # #####|.|..-.-|--..*..-|-|..|...._.|..#* ## # # # ## ##...............(...-|--.[....|.|# # ##** ## #### ------.---# ###.....--|--..-.-|--..............################### |.>.....). ###.....|...|.+..|..|.|.....----|..### *# *##### # --|--- |......... *#* #-.|..|((.|....|.!|.....#.|...-..* ### # *# |....| |........|## .....|(.(|....|(!|..(....|.%.|.. # # # # ##-....| |.........######...|------..{.-----....|------.|##### # ## |....| ---------- #|...............................## # # # |....| #-------------.--...------------- # # ------ Meike the Fighter Experience level: 8 Strength: 17 Dexterity: 13 Constitution: 18 Intelligence: 8 Wisdom: 10 Charisma: 9 Health: 0(84) Energy: 26(26) Def: 0 Gold: 902 Moves: 6495 Dungeon seed: 2JSIHd_pkhHXMigM Game ID: Meike_1537368065 Your Inventory: Coins $ - 902 gold pieces Weapons b - a +0 dagger P - 31 +0 darts (in quiver) Q - a +0 axe S - a +0 dwarvish short sword U - 4 +1 daggers (wielded) Armor e - a blessed +3 small shield q - an uncursed +0 dwarvish cloak (being worn) r - an uncursed +2 dwarvish iron helm B - an uncursed +0 splint mail E - an uncursed +0 dwarvish cloak O - an uncursed +3 pair of iron shoes Comestibles u - an uncursed tripe ration F - an uncursed fortune cookie K - an uncursed food ration Scrolls C - a cursed scroll of amnesia R - an uncursed scroll of blank paper Spellbooks I - an uncursed spellbook of detect monsters Potions k - an uncursed potion of paralysis s - an uncursed potion of extra healing z - a potion of holy water D - an uncursed potion of object detection W - an uncursed potion of fruit juice Rings f - a cursed ring of aggravate monster i - an uncursed ring of free action m - a cursed ring of teleportation Z - an uncursed ring of shock resistance Wands d - a wand of sleep (0:8) J - a wand of teleportation (0:5) Tools g - an uncursed wax candle (0:400) h - 12 uncursed tallow candles (0:200) t - an uncursed skeleton key x - an uncursed tin opener A - a +0 unicorn horn L - an uncursed oil lamp (0:1068) N - a tinning kit (0:76) T - an uncursed towel Gems v - an uncursed jasper stone w - an uncursed worthless piece of orange glass y - 3 uncursed worthless pieces of blue glass V - 2 uncursed worthless pieces of violet glass Y - an uncursed worthless piece of yellowish brown glass Spells and supernatural/magical abilities: Name Level Category Fail Memory W - pray for help -- divine ? -- Your skills at the end: Fighting Skills Weapon Skills dagger [Basic] long sword [Skilled] Spellcasting Skills Final Attributes: You were piously aligned. You were cold resistant. You were telepathic. You were stealthy. You were fast. You are dead. Vanquished creatures: a large mimic a dwarf king a human mummy a chameleon a giant beetle a quivering blob an orc-captain 2 giant spiders 2 gnome kings a yeti a jaguar a blue jelly a gray unicorn a snake a fire ant 3 wood nymphs 8 Mordor orcs a rock mole a fog cloud a yellow light 4 shriekers 6 gnome lords 5 gnomish wizards an elf zombie a paper golem 3 giant ants a floating eye 3 dwarves a homunculus a kobold shaman 2 rothes 2 giant bats 7 monkeys 4 orc zombies an iguana 2 acid blobs 2 gas spores a hobbit 4 giant rats 2 cave spiders 3 brown molds 40 gnomes 4 garter snakes a gnome zombie 4 geckos 5 jackals 4 goblins 3 sewer rats 6 grid bugs 8 lichens 2 kobold zombies 8 newts 172 creatures vanquished. Voluntary challenges: You had been an atheist until turn 4934. You used a wielded weapon 240 times, starting on turn 65. You read items or engraved 4 times, starting on turn 6373. You never genocided any monsters. You never polymorphed an object. You never changed form. You used no wishes. You never split a pudding. You never wrote Elbereth's name. You violated your moral code, losing 13 points of alignment, starting on turn 6044. Dungeon overview: The Dungeons of Doom: levels 1 to 5 Level 1 a long staircase Level 2 some fountains Level 3 some fountains, a sink stairs to The Gnomish Mines Level 4 a potion shop Level 5 a fountain The Gnomish Mines: levels 4 to 8 Level 4 stairs to The Dungeons of Doom Level 5 Level 6 Level 7 <- You were here many shops, a temple to Loki, some fountains, a sink Level 8 History has recorded: On T:1 you entered the Dungeons of Doom to retrieve the Amulet of Yendor! On T:475 you advanced to experience level 2. On T:511 you reached level 2 of The Dungeons of Doom. On T:923 you reached level 3 of The Dungeons of Doom. On T:1348 you reached level 4 of The Dungeons of Doom. On T:1424 you advanced to experience level 3. On T:2328 you reached level 5 of The Dungeons of Doom. On T:2407 you advanced to experience level 4. On T:2981 you advanced to experience level 5. On T:3111 you reached level 1 of The Gnomish Mines. On T:3386 you reached level 2 of The Gnomish Mines. On T:3456 you advanced to experience level 6. On T:4024 you reached level 3 of The Gnomish Mines. On T:4392 you reached level 4 of The Gnomish Mines. On T:4604 you advanced to experience level 7. On T:5501 you reached level 5 of The Gnomish Mines. On T:6016 you advanced to experience level 8. Score breakdown: Gold: 902 (10054 points) Experience: 8 levels (14739 points) Exploration: 8 levels ( 16.33%) (11456 points) Discoveries: 12 items ( 4.88%) ( 6625 points) Valuables value: (no points given unless you survive) Artifact value: 0 ( 0 points) Variety of kills: 52 monsters ( 13.65%) (11083 points) Turncount: 6495 turns (-1741 points) Survival: died (score multiplied by 80%) Total score: 41772 Latest messages: You take off your towel. You can see! Something growls! Wolves appear! You hit the hobgoblin. The wolf bites! The hobgoblin reads a scroll of teleportation! You miss the wolf. The wolf bites! The werewolf bites! Suddenly, a section of wall closes up! You hit the wolf! The wolf bites! (2x) You hit the wolf. The wolf bites! (2x) Suddenly, a section of wall closes up! You hit the wolf! The wolf bites! (5x) You miss the wolf. The wolf bites! (3x) You hit the wolf! The wolf bites! (3x) You die... Final status: Farvel Meike the Valkyrie, killed by a wolf... You died in The Gnomish Mines on dungeon level 7 with 41772 points, and 902 pieces of gold, after 6495 moves. You were level 8 with a maximum of 84 hit points when you died.